 Dungeon Crawl Stone Soup version 0.30-a0-1157-g2cc9ac7196 (webtiles) character file.

Game seed: 5066333049765564101

141031 cforsyth the Summoner (level 16, 0/139 HPs)
             Began as a Demigod Summoner on Apr 24, 2023.
             Killed by divine providence
             ... invoked by a meliai
              (9 damage)
             ... on level 3 of the Spider Nest.
             The game lasted 01:46:35 (46524 turns).

cforsyth the Summoner (Demigod Summoner)           Turns: 46524, Time: 01:46:35

Health: 0/139      AC: 23    Str: 13    XL:     16   Next: 25%
Magic:  31/38      EV: 14    Int: 46    God:
Gold:   2925       SH:  0    Dex: 14    Spells: 22/40 levels left

rFire   . . .        p - +5 morningstar "cforsyth's Curse" {flame, Int+7}
rCold   . . .        (no shield)
rNeg    . . .        Z - +4 scale mail
rPois   .            X - +1 hat {SInv}
rElec   .            v - +0 cloak
rCorr   .            Y - +1 pair of gloves
SInv    +            B - +0 pair of boots
Will    +....        m - amulet of magic regeneration
Stlth   +            z - +6 ring of intelligence
HPRegen 0.43/turn    K - +4 ring of protection
MPRegen 0.66/turn

%: no passive effects
@: studying Unarmed Combat
A: high MP 1, forlorn, divine attributes
a: no special abilities


You were on level 3 of the Spider Nest.
You visited 4 branches of the dungeon, and saw 26 of its levels.
You also visited: Ossuary and Volcano.

You collected 3181 gold pieces.
You spent 256 gold pieces at shops.

Inventory:

Hand Weapons
 p - the +5 morningstar "cforsyth's Curse" (weapon) {flame, Int+7}
   (You found it on level 3 of the Spider Nest)

   Int:       It affects your intelligence (+7).
Armour
 v - a +0 cloak (worn)
 B - a +0 pair of boots (worn)
 I - a +2 kite shield of fire resistance
 W - the +2 robe "Bammiguw" {+Inv rF++ Will+ rCorr}
   (You bought it in a shop on level 2 of the Orcish Mines)

   rF:        It greatly protects you from fire.
   +Inv:      It lets you turn invisible.
   rCorr:     It protects you from acid and corrosion.
   Will:      It increases your willpower.
 X - a +1 hat of see invisible (worn)
 Y - a +1 pair of gloves (worn)
 Z - a +4 scale mail (worn)
Magical Staves
 r - a staff of conjuration
Jewellery
 m - an amulet of magic regeneration (around neck)
 q - a ring of protection from fire
 y - a ring of protection from cold
 z - a +6 ring of intelligence (left hand)
 E - a ring of resist corrosion
 G - a ring of protection from cold
 J - a +4 ring of slaying
 K - a +4 ring of protection (right hand)
 Q - a ring of magical power
 U - a ring of wizardry
 V - a +6 ring of strength
Wands
 a - a wand of digging (6)
 C - a wand of flame (16)
 F - a wand of polymorph (11)
 L - a wand of iceblast (14)
 N - a wand of mindburst (5)
Scrolls
 d - 2 scrolls of fog
 e - a scroll of brand weapon {unknown}
 g - 4 scrolls of magic mapping
 k - 5 scrolls of enchant armour {unknown}
 n - 3 scrolls of enchant weapon
 s - 5 scrolls of silence
 M - a scroll of fear
 O - a scroll of acquirement
 P - 3 scrolls of vulnerability {unknown}
 R - a scroll of amnesia {unknown}
Potions
 b - 2 potions of magic
 f - 4 potions of resistance
 h - 10 potions of curing
 i - 3 potions of brilliance
 j - 2 potions of invisibility
 l - 6 potions of berserk rage
 t - 2 potions of mutation
 w - 8 potions of might
 x - 7 potions of ambrosia
 D - 3 potions of flight
 H - 6 potions of attraction
 S - 2 potions of haste
 T - 2 potions of lignification


   Skills:
 - Level 12.0 Fighting
 - Level 12.0 Armour
 - Level 12.9 Dodging
 - Level 2.8 Stealth
 + Level 12.9 Spellcasting
 + Level 14.3 Summonings


You had 22 spell levels left.
You knew the following spells:

 Your Spells              Type           Power      Damage    Failure   Level
a - Summon Small Mammal   Summ           100%       N/A       0%          1
b - Call Imp              Summ           100%       N/A       0%          2
c - Call Canine Familiar  Summ           100%       N/A       1%          3
d - Summon Guardian Gole  Hex/Summ       77%        N/A       1%          3
e - Summon Lightning Spi  Summ/Air       77%        N/A       1%          4
h - Summon Mana Viper     Hex/Summ       77%        N/A       4%          5

Your spell library contained the following spells:

 Spells                   Type           Power      Damage    Failure   Level
 Apportation              Tloc           58%        N/A       2%          1
 Kiss of Death            Conj/Necr      100%       2d13      2%          1
 Sandblast                Erth           58%        2d13      2%          1
 Ensorcelled Hibernation  Hex/Ice        58%        N/A       4%          2
 Passwall                 Tmut/Erth      24%        N/A       4%          2
 Confusing Touch          Hex            29%        N/A       9%          3
 Dazzling Flash           Conj/Hex       58%        N/A       9%          3
 Ozocubu's Armour         Ice            29%        N/A       9%          3
 Spider Form              Tmut/Pois      29%        N/A       9%          3
 Stone Arrow              Conj/Erth      58%        3d10      9%          3
 Tukima's Dance           Hex            29%        N/A       9%          3
 Volatile Blastmotes      Fire/Tloc      58%        2d14      9%          3
 Anguish                  Hex/Necr       14%        N/A       28%         4
 Animate Dead             Necr           29%        N/A       28%         4
 Dispel Undead            Necr           29%        3d13      28%         4
 Iskenderun's Mystic Bla  Conj/Tloc      29%        2d7       28%         4
 Leda's Liquefaction      Hex/Erth       14%        N/A       28%         4
 Passage of Golubria      Tloc           29%        N/A       28%         4
 Alistair's Intoxication  Tmut/Pois      19%        N/A       61%         5
 Borgnjor's Vile Clutch   Necr/Erth      14%        N/A       61%         5
 Lee's Rapid Deconstruct  Erth           14%        3d9*      61%         5
 Metabolic Englaciation   Hex/Ice        14%        N/A       61%         5
 Yara's Violent Unravell  Hex/Tmut       14%        3d7       61%         5
 Death Channel            Necr           14%        N/A       99%         6
 Simulacrum               Ice/Necr       14%        N/A       99%         6
 Starburst                Conj/Fire      14%        6d6       99%         6
 Statue Form              Tmut/Erth      19%        N/A       99%         6
 Chain Lightning          Conj/Air       14%        3d19      100%        9
 Fire Storm               Conj/Fire      14%        8d4       100%        9
 Shatter                  Erth           14%        3d14*     100%        9


Dungeon Overview and Level Annotations

Branches:
Dungeon (15/15)            Temple (0/1) D:4            Lair (5/5) D:11
 Shoals (0/4) Lair:2       Spider (4/4) Lair:3        Slime (0/5) Lair:4
    Orc (2/2) D:12            Elf (0/3) Orc:2        Vaults (0/5) D:13
 Depths (0/4) D:15        Ossuary (visited)         Volcano (visited)

Shops:
D:1 !   D:9 *   D:10 *   Orc:2 :*([=

Annotations:
D:15 2 transporters, Juje's ghost, journeyman DsMo


Innate Abilities, Weirdness & Mutations

You have an increased reservoir of magic. (+10% MP)
You shall have no god before yourself.
Your divine heritage dramatically boosts your attributes as you level up.


Message History

The jumping spider pounces on your butterfly!!
Your butterfly dies!
Your butterfly disappears in a burst of colours!
Your warg closely misses the meliai.
The meliai mumbles some strange prayers to its god against you.
Something smites you!
* * * LOW HITPOINT WARNING * * *
The tarantella touches your butterfly!!
Your butterfly dies!
Your butterfly disappears in a burst of colours!
The jumping spider misses you. The jumping spider closely misses you.
The jumping spider pounces on your butterfly!!
Your butterfly dies!
Your butterfly disappears in a burst of colours!
Unknown command.
Unknown command.
The tarantella misses you.
The jumping spider leaps! x4
The meliai completely misses your butterfly. x2
The meliai hits your butterfly with a +0 hand axe!
Your butterfly dies!
Your butterfly disappears in a burst of colours!
The meliai stings your butterfly.
Your butterfly dies!
Your butterfly disappears in a burst of colours!
The boulder beetle hits your butterfly!
Your butterfly dies!
Your butterfly disappears in a burst of colours!
The boulder beetle stops rolling and uncurls.
The tarantella closely misses you.
The meliai closely misses your butterfly.
The meliai hits you with a +0 broad axe.
* * * LOW HITPOINT WARNING * * *
The meliai barely misses your butterfly.
The meliai stings your butterfly!
Your butterfly dies!
Your butterfly disappears in a burst of colours!
You feel better.
The meliai invokes the aid of its god against you.
Something smites you!
You die...

........# [ ........#
.. .......°## ...
......B.s### ....
....sb.....s###...#
#......s°8.##.....#
##
#...°.b....#h.....#
##.
#.^...s@yyb).$.###
#^. ##.....b..bb..^#
### ###..b.Sbb...##
###
##....b...#########..
#.s###...# #........
#s.†#########.......
##..s..#..s###......
#..s..#....##......
##.".##.....#......


You could see a boulder beetle, an orb spider, 5 jumping spiders, a tarantella
(ally target), 2 meliai, a friendly mana viper (summoned), a friendly warg
(summoned) and a friendly lightning spire (summoned).

Vanquished Creatures
  2 moths of wrath (Spider:1)
  A redback (Spider:1)
  A boggart (D:14)
  A wolf (Lair:2)
  A killer bee (Lair:2)
  An adder (D:4)
  An orc (D:12)
  2 ball pythons
  An endoplasm (D:3)
  2 goblins
  A hobgoblin (D:2)
  2 jackals (D:1)
  A bat (D:3)
  A frilled lizard (D:3)
  A rat (D:1)
19 creatures vanquished.

Vanquished Creatures (collateral kills)
  Kirke (D:14)
  Frances (D:14)
  Roxanne (Spider:2)
  A ghost moth (Spider:1)
  An orc warlord (Orc:2)
  2 broodmothers (Spider:1)
  Louise (Spider:1)
  Nessos (Orc:2)
  5 fire dragons
  3 hydras
  A radroach (Spider:3)
  3 centaur warriors
  2 catoblepae
  8 two-headed ogres
  A dancing weapon (Volcano)
  6 boulder beetles
  2 death yaks
  2 sun moths (Spider:1)
  4 pharaoh ants
  7 orb spiders
  A deep troll (D:14)
  8 wizards
  A phantasmal warrior (Lair:1)
  A lindwurm (Lair:5)
  A swamp dragon (Lair:5)
  2 orc knights
  3 steelbarb worms
  A necromancer (D:13)
  6 wolf spiders
  3 ugly things
  3 moths of wrath (Spider:1)
  4 manticores
  4 oklob plants
  5 orc sorcerers (Orc:2)
  9 cyclopes
  5 toenail golems (Volcano)
  5 torpor snails
  2 demonic crawlers
  3 elephants (Lair:4)
  4 gargoyles
  12 cane toads
  4 black mambas
  4 kobold demonologists
  2 yaktaurs (D:15)
  9 komodo dragons
  5 rime drakes
  A komodo dragon (shapeshifter) (D:13)
  2 unseen horrors (D:11)
  A freezing wraith (D:14)
  An efreet (D:15)
  A tengu conjurer (D:15)
  A polar bear (Lair:1)
  3 meliai (Spider:3)
  4 trolls
  A tarantella (shapeshifter) (D:15)
  A tyrant leech (Lair:5)
  5 hornets (Lair:5)
  19 blink frogs
  17 tarantellas
  14 jumping spiders
  14 culicivoras
  3 vampires
  2 centaur simulacra (D:14)
  2 slime creatures
  2 spriggans (Lair:2)
  A water elemental (D:14)
  44 yaks
  2 hogs (D:14)
  5 wraiths
  10 wyverns
  15 redbacks
  9 vampire mosquitoes
  7 basilisks
  Menkaure (D:4)
  3 steam dragons
  4 wargs
  3 acid dragons
  8 water moccasins
  5 swamp drakes (Lair:5)
  2 ice beasts (D:6)
  2 sky beasts (D:7)
  4 black bears
  31 orc warriors
  10 boggarts
  9 wolves (Lair:2)
  7 centaurs
  9 ogres
  2 phantoms
  A kobold brigand (D:7)
  5 bullfrogs
  A scorpion (D:5)
  2 gnoll sergeants
  11 wights
  19 killer bees (Lair:2)
  3 electric eels
  12 howler monkeys
  3 nameless horrors
  5 hounds
  2 human zombies (Ossuary)
  2 jellies
  19 orc priests
  A sleepcap (D:7)
  7 iguanas
  28 orc wizards
  Natasha (thrice) (D:4)
  5 mummies
  6 adders
  8 gnolls
  2 shadow imps (D:7)
  An adder zombie (Ossuary)
  3 dart slugs
  89 orcs
  5 bats
  7 endoplasms
  2 giant cockroaches (D:1)
  4 goblins
  13 hobgoblins
  3 jackals (D:1)
  16 kobolds
  3 quokkas
  9 ball pythons
  3 frilled lizards
  A gnoll zombie (Ossuary)
  3 goblin zombies
  A hobgoblin zombie (Ossuary)
  2 jackal zombies (Ossuary)
  2 kobold zombies (Ossuary)
  2 orc zombies
  5 rats
766 creatures vanquished.

Vanquished Creatures (others)
  Agnes (Spider:1)
  A yaktaur captain (D:15)
  An entropy weaver (Spider:1)
  2 ogre magi
  5 hydras
  A radroach (Spider:3)
  5 two-headed ogres
  4 death yaks (Lair:5)
  A skyshark (Lair:5)
  A pharaoh ant (Spider:3)
  An orc knight (Orc:2)
  A lindwurm (Lair:5)
  3 manticores
  A cyclops (D:14)
  A black mamba (Lair:5)
  An elephant (Lair:2)
  A demonic crawler (Spider:1)
  A torpor snail (Lair:5)
  A komodo dragon (Lair:4)
  A meliai (Spider:3)
  A queen bee (Lair:2)
  3 trolls
  2 polar bears
  3 tarantellas
  2 tyrant leeches (Lair:5)
  2 hornets (Lair:5)
  3 slime creatures (D:13)
  4 blink frogs
  A jumping spider (Spider:1)
  8 culicivoras
  A vampire (D:12)
  12 yaks
  3 humans
  2 redbacks
  3 vampire mosquitoes
  2 swamp worms (D:9)
  2 water moccasins
  Duvessa (D:4)
  3 orc warriors
  3 ogres
  3 centaurs
  2 wolves (Lair:2)
  A kobold brigand (D:9)
  2 bullfrogs
  2 wights (D:7)
  Dowan (D:4)
  6 killer bees (Lair:2)
  3 orc priests (Orc:2)
  A gnoll bouda (D:6)
  An orc wizard (D:8)
  6 gnolls
  7 orcs
  22 fungi
  145 plants
  A withered plant (D:10)
298 creatures vanquished.

Grand Total: 1083 creatures vanquished

Notes
Turn   | Place    | Note
-------+----------+-------------------------------------------
     0 | D:1      | cforsyth the Demigod Summoner began the quest for the Orb.
     0 | D:1      | Reached XP level 1. HP: 14/14 MP: 5/5
   162 | D:1      | Reached XP level 2. HP: 20/20 MP: 5/7
   165 | D:1      | Learned a level 2 spell: Call Imp
   968 | D:1      | Found Ugoi's Distillery.
  1339 | D:2      | Reached XP level 3. HP: 19/26 MP: 3/8
  1711 | D:2      | Reached skill level 4 in Summonings
  2161 | D:2      | Reached XP level 4. HP: 15/33 MP: 7/10
  2327 | D:2      | Learned a level 3 spell: Call Canine Familiar
  3053 | D:3      | Identified the +0 ring mail "Otavu" {rPois rN++ Dex-5}
  3475 | D:4      | Noticed an ogre
  3483 | D:4      | Killed an ogre
  3484 | D:4      | Reached XP level 5. HP: 16/38 MP: 4/12
  3954 | D:4      | Noticed Dowan
  3956 | D:4      | Noticed Duvessa
  3965 | D:4      | Noticed Menkaure
  4236 | D:4      | Found a staircase to the Ecumenical Temple.
  4505 | D:3      | Learned a level 3 spell: Summon Guardian Golem
  4594 | D:4      | Killed Duvessa
  4595 | D:4      | Reached skill level 5 in Summonings
  4595 | D:4      | Reached XP level 6. HP: 45/45 MP: 6/15
  4830 | D:4      | Killed Menkaure
  4870 | D:4      | Noticed Natasha
  4880 | D:4      | Killed Natasha
  4915 | D:4      | Killed Dowan
  4916 | D:4      | Reached XP level 7. HP: 50/50 MP: 7/17
  5003 | D:4      | Noticed Natasha
  5020 | D:4      | Killed Natasha
  5034 | D:4      | Reached skill level 6 in Summonings
  5135 | D:4      | Reached skill level 5 in Spellcasting
  5257 | D:4      | Noticed Natasha
  5262 | D:4      | Killed Natasha
  5408 | D:5      | Entered Level 5 of the Dungeon
  5642 | D:5      | Reached skill level 7 in Summonings
  5846 | D:5      | Reached XP level 8. HP: 50/57 MP: 14/20
  6549 | D:6      | Found a sand-covered staircase.
  6559 | Ossuary  | Entered an ossuary
  6837 | D:6      | Learned a level 4 spell: Summon Lightning Spire
  6953 | D:6      | Reached skill level 8 in Summonings
  7323 | D:6      | Reached XP level 9. HP: 62/62 MP: 15/24
  8253 | D:7      | Noticed a red ugly thing
  8254 | D:7      | Reached skill level 9 in Summonings
  8260 | D:7      | Killed a red ugly thing
  9208 | D:8      | Reached skill level 10 in Summonings
 10131 | D:9      | Reached XP level 10. HP: 51/69 MP: 13/27
 10763 | D:9      | Found Qoil's General Store.
 10850 | D:9      | Reached skill level 11 in Summonings
 10855 | D:9      | Reached skill level 10 in Spellcasting
 11517 | D:10     | Entered Level 10 of the Dungeon
 11577 | D:10     | Noticed a two-headed ogre
 11584 | D:10     | Killed a two-headed ogre
 12073 | D:10     | Reached XP level 11. HP: 74/74 MP: 16/30
 12077 | D:10     | Reached skill level 12 in Summonings
 12282 | D:10     | Found Gozag's Platinum Reserve.
 12336 | D:10     | Noticed a sun demon
 14018 | D:11     | Found a staircase to the Lair.
 14342 | D:12     | Found a staircase to the Orcish Mines.
 14350 | D:12     | Noticed a two-headed ogre
 14362 | D:12     | Killed a two-headed ogre
 14544 | D:12     | Reached skill level 13 in Summonings
 14635 | D:12     | Noticed a two-headed ogre
 14647 | D:12     | Killed a two-headed ogre
 14861 | D:12     | Reached skill level 1 in Fighting
 14861 | D:12     | Reached skill level 1 in Armour
 14908 | D:12     | You fall into a shaft and drop 1 floor!
 14938 | D:13     | Noticed a boulder beetle
 14952 | D:13     | Killed a boulder beetle
 14955 | D:13     | Got Cug Ygeg's Papyrus of Doom
 14961 | D:13     | Noticed a five-headed hydra
 14972 | D:13     | Killed a five-headed hydra
 15128 | D:12     | Learned a level 5 spell: Summon Mana Viper
 15352 | D:12     | Reached XP level 12. HP: 44/89 MP: 16/32
 15673 | D:12     | Noticed an ogre mage
 15678 | D:12     | Noticed a five-headed hydra
 15926 | D:12     | Killed an ogre mage
 16153 | D:12     | Killed a five-headed hydra
 16154 | D:12     | Reached skill level 5 in Fighting
 16154 | D:12     | Reached skill level 5 in Armour
 16398 | Lair:1   | Entered Level 1 of the Lair of Beasts
 16580 | Lair:1   | Identified a scroll of acquirement
 16909 | Lair:1   | Found a runed translucent door.
 17798 | Lair:2   | Found a staircase to the Shoals.
 18098 | Lair:2   | Noticed a five-headed hydra
 18105 | Lair:2   | Killed a five-headed hydra
 19254 | Lair:2   | Reached XP level 13. HP: 102/107 MP: 2/33
 20376 | Lair:3   | Found a hole to the Spider Nest.
 20830 | Lair:3   | Found the +1 robe of Vines {NoPotionHeal Regen++++}
 21744 | Lair:4   | Found a staircase to the Slime Pits.
 22261 | Lair:4   | Identified the +0 robe of the Sturgeon {rCorr Int+3
                  | Archmagi}
 23301 | Lair:5   | Entered Level 5 of the Lair of Beasts
 23416 | Lair:4   | Reached skill level 10 in Fighting
 23416 | Lair:4   | Reached skill level 10 in Armour
 24417 | Lair:5   | Reached XP level 14. HP: 122/122 MP: 9/34
 25076 | Lair:5   | Found a runed translucent door.
 25135 | Lair:5   | Paralysed by a hornet for 3 turns
 28618 | Orc:1    | Entered Level 1 of the Orcish Mines
 29663 | Orc:2    | Entered Level 2 of the Orcish Mines
 29663 | Orc:2    | Noticed Nessos
 29685 | Orc:2    | Killed Nessos
 29703 | Orc:2    | Found a dark tunnel.
 29767 | Volcano  | Entered a volcano
 30328 | Volcano  | Reached skill level 5 in Dodging
 31288 | Orc:2    | Found Atocipt's Assorted Antiques.
 31318 | Orc:2    | Bought a scroll labelled TIHEIS UFEWIRA for 20 gold pieces
 31449 | Orc:2    | Noticed an orc warlord
 31474 | Orc:2    | Killed an orc warlord
 32171 | Orc:2    | Found a staircase to the Elven Halls.
 32304 | Orc:2    | Found Tarph's Antique Armour Shoppe.
 32379 | Orc:2    | Found Cesiynoh's Antique Weapon Emporium.
 32390 | Orc:2    | Bought a warped robe for 136 gold pieces
 32390 | Orc:2    | Identified the +2 robe "Bammiguw" {+Inv rF++ Will+ rCorr}
                  | (You bought it in a shop on level 2 of the Orcish Mines)
 32695 | Orc:2    | Found Qiffeal's Jewellery Boutique.
 32985 | Orc:2    | Found Fogav's Book Shoppe.
 33296 | D:13     | Found a gate to the Vaults.
 33358 | D:13     | Reached XP level 15. HP: 131/132 MP: 24/35
 34445 | Orc:2    | Bought a runed lapis lazuli amulet for 100 gold pieces
 34499 | D:14     | Noticed Kirke
 34511 | D:14     | Killed Kirke
 34941 | D:14     | Reached skill level 10 in Dodging
 35348 | D:14     | Noticed Frances
 35362 | D:14     | Killed Frances
 36609 | D:15     | Entered Level 15 of the Dungeon
 36762 | D:15     | Found a transporter.
 36769 | D:15     | Noticed Juje's ghost (journeyman DsMo)
 36785 | D:15     | Found a transporter.
 38083 | D:15     | Found a staircase to the Depths.
 38323 | Spider:1 | Entered Level 1 of the Spider Nest
 39724 | Spider:1 | Noticed Louise
 39761 | Spider:1 | Killed Louise
 40527 | Spider:1 | You fall into a shaft and drop 1 floor!
 41896 | Spider:2 | Noticed Agnes
 43022 | Spider:2 | Reached XP level 16. HP: 96/139 MP: 15/37
 43788 | Spider:2 | HP: 4/139 [Agnes/+2 antimagic lajatang (20)]
 44157 | Spider:1 | Killed Agnes
 45185 | Spider:2 | Noticed Roxanne
 45446 | Spider:2 | Killed Roxanne
 45517 | Spider:3 | Reached skill level 14 in Summonings
 46296 | Spider:3 | Identified the +5 morningstar "cforsyth's Curse" {flame,
                  | Int+7}
 46490 | Spider:4 | Entered Level 4 of the Spider Nest
 46522 | Spider:3 | HP: 5/139 [meliai/divine providence (12)]
 46524 | Spider:3 | Killed from afar by a meliai

Illustrated notes

Levels and vault maps discovered:
D:1:      matt_arrival_los_fun, layout_basic, serial_shops, shop,
          ebering_dispersal_statue_hall, minmay_vboxes
D:2:      layout_basic, serial_glass, glass_columns_a, glass_columns_c,
          glass_columns_c, glass_columns_a, glass_columns_b, glass_columns_b,
          minmay_misc_feat_encased
D:3:      layout_basic, hellmonk_ecumenical_altar_arch_garden,
          grunt_decor_junction, wander_ebering_terrifying_dragon_lair
D:4:      layout_basic, temple_green, kennysheep_generic_room_7, uniq_duvessa,
          uniq_menkaure, uniq_natasha
D:5:      layout_layer_cave, st_stairs_13
D:6:      layout_gridville, xom_teletrap_fun, nicolae_ossuary_entry_giza
D:7:      layout_cave_pools, minmay_manual_maat
D:8:      layout_loops_ring, serial_aquarium, aquarium_bridge_island_small
          [aquarium_subvault_small_open, aquarium_subvault_window,
          aquarium_subvault_wall, aquarium_subvault_bridge,
          aquarium_subvault_wall], aquarium_bridge_square
          [aquarium_subvault_wall, aquarium_subvault_window,
          aquarium_subvault_bridge, aquarium_subvault_wall],
          aquarium_window_fake, aquarium_window_2, aquarium_window_1,
          aquarium_view_2f, aquarium_pool_2
D:9:      layout_long_grid, serial_shops, shop, dk_noncrumbling_3, worms_lemuel
D:10:     layout_rooms, nicolae_dithmenos_the_darkroom,
          kiku_gazebo_garden_becter, nicolae_sif_muna_condensation,
          marbit_many_paths, nicolae_gozag_zags_fifth_avenue,
          mrwooster_statue_mirror
D:11:     layout_cross, david_lair_shrubbed, okawaru_altar_gauntlet_db
D:12:     minmay_the_grid_four_pointed_star_mashed
          [minmay_the_grid_triangle_9x9_from_above,
          minmay_the_grid_triangle_9x9_stretched_checkered,
          minmay_the_grid_triangle_9x9_impossible_snake,
          minmay_the_grid_triangle_9x9_corruption,
          minmay_the_grid_prize_inner_circle], layout_basic, orc_0_dummy
D:13:     layout_small_grid, david_vaults_1, serial_rivers,
          chequers_serial_rivers_micro_d, chequers_serial_rivers_room_a,
          chequers_serial_rivers_marsh, chequers_serial_rivers_small_b,
          chequers_serial_rivers_small_3
D:14:     kennysheep_room_grid, layout_basic, kennysheep_cross_room, uniq_kirke,
          uniq_frances
D:15:     grunt_enter_depths_hoard, layout_layer_cave,
          gammafunk_ghost_stat_death, nicolae_wwwww
Lair:1:   layout_misc_corridors, pdpol_lair_cabin_in_the_woods
Lair:2:   regret_index_wax_grids, layout_regular_city,
          minmay_shoals_entry_centaurs, forest_entry_grove
Lair:3:   layout_regular_city, spider_nest_entry_funnel_web,
          hellmonk_guarded_unrand_vines, serial_bayou_shore_a,
          grunt_megastairs_3
Lair:4:   layout_roguey, minmay_slime_entry_oklob_open
Lair:5:   wormcave, layout_big_grid, guppyfry_lair_end_dragon
Spider:1: layout_cave_pods, uniq_louise
Spider:2: layout_spider_delve, uniq_roxanne, uniq_agnes
Spider:3: layout_spider_delve, hangedman_spider_tarantella_strand
Spider:4: johnstein_spider_rune_arachne_lair, nicolae_spider_twisty_arc_passages
Orc:1:    layout_caves
Orc:2:    grunt_orc_community_town_hall, layout_diamond_mine,
          grunt_orc_community_big_house_1, grunt_orc_community_big_house_2,
          grunt_orc_community_house_3, grunt_orc_community_house_1,
          grunt_orc_community_house_1, grunt_orc_community_house_2,
          grunt_orc_community_house_2, enter_volcano_1, serial_shops,
          nicolae_shop_behind_doors, uniq_nessos

Skill      XL: |  1  2  3  4  5  6  7  8  9 10 11 12 13 14 15 16 |
---------------+-------------------------------------------------+-----
Stealth        | 2 |  2.8
Dodging        | 2 8 12 | 12.9
Spellcasting   | 2 3 4 5 7 9 10 11 12 | 12.9
Summonings     | 4 5 7 8 10 11 13 14 | 14.3
Fighting       | 3 7 10 12 | 12.0
Armour         | 3 7 10 12 | 12.0

Action                     |  1- 3 |  4- 6 |  7- 9 | 10-12 | 13-15 | 16-18 || total
---------------------------+-------+-------+-------+-------+-------+-------++-------
  Melee: Unarmed           |   132 |       |       |       |       |       ||   132
         Staff             |       |    40 |    30 |    91 |   214 |    16 ||   391
         Punch             |       |     1 |       |       |     4 |       ||     5
   Cast: Summon Small Mamm |    52 |    18 |    45 |    76 |    63 |    13 ||   267
         Call Imp          |    27 |    21 |    30 |    57 |    57 |    10 ||   202
         Call Canine Famil |       |    23 |    45 |    69 |   137 |    23 ||   297
         Summon Guardian G |       |     4 |    24 |    77 |   166 |    21 ||   292
         Summon Lightning  |       |       |    13 |    48 |   145 |    26 ||   232
         Summon Mana Viper |       |       |       |    16 |   198 |    31 ||   245
    Use: Scroll            |       |       |    18 |     6 |     7 |     8 ||    39
         Potion            |       |       |     1 |     1 |     1 |    10 ||    13
   Stab: Sleeping          |     1 |     2 |       |       |       |       ||     3
         Distracted        |     1 |       |       |     2 |     4 |     1 ||     8
 Armour: Robe              |    31 |    20 |    27 |    12 |   114 |       ||   204
         Troll leather arm |       |       |       |    63 |    51 |       ||   114
         Scale mail        |       |       |       |       |   217 |    50 ||   267
  Dodge: Dodged            |   102 |    44 |    54 |   131 |   556 |    89 ||   976

Table legend: (Time is in decaauts)
 A = Elapsed time spent in this place.
 B = Non-inter-level travel time spent in this place.
 C = Inter-level travel time spent in this place.
 D = Time resting spent in this place.
 E = Time spent auto-exploring this place.
 F = Levels seen in this place.
 G = Mean time per level.
                   A        B        C        D        E       F      G
               +--------+--------+--------+--------+--------+-----+--------+
         Total |  46859 |  45263 |   1596 |  11180 |  24480 |  28 | 1673.5 |
       Dungeon |  22626 |  21861 |    765 |   3827 |  13449 |  15 | 1508.4 |
          Lair |  12046 |  11440 |    606 |   2953 |   6240 |   5 | 2409.2 |
   Spider Nest |   8280 |   8130 |    150 |   4112 |   2489 |   4 | 2070.0 |
  Orcish Mines |   2986 |   2913 |     73 |    236 |   1805 |   2 | 1493.0 |
       Ossuary |    216 |    216 |      0 |      0 |     78 |   1 |  216.0 |
       Volcano |    703 |    703 |      0 |     51 |    418 |   1 |  703.0 |
               +--------+--------+--------+--------+--------+-----+--------+

Top non-repeatable levels by time:
Spider:1: 6328 daAuts
  Lair:5: 4395 daAuts
    D:12: 3159 daAuts
  Lair:2: 2582 daAuts
   Orc:2: 2308 daAuts
    D:10: 2170 daAuts
  Lair:4: 1932 daAuts
    D:14: 1803 daAuts
     D:3: 1774 daAuts
     D:9: 1623 daAuts
  Lair:3: 1609 daAuts
    D:13: 1588 daAuts
    D:15: 1564 daAuts
  Lair:1: 1526 daAuts
     D:6: 1439 daAuts
